[Event "Early-Titled-Tuesday-Blitz-February-06-2024"]
[Site "Chess.com"]
[Date "2024.02.06"]
[Round "3"]
[White "Saraisitave"]
[Black "Mesa_1"]
[Result "0-1"]
[WhiteElo "2283"]
[BlackElo "2540"]
[TimeControl "180+1"]
[EndTime "8:27:11 PST"]
[Termination "Mesa_1 won on time"]

1. e4 d6 2. d4 Nf6 3. Nc3 e5 4.
dxe5 dxe5 5. Qxd8+ Kxd8 6. Bg5 Be6 7. O-O-O+ Nd7 8. Nf3 h6 9. Bh4 Bd6 10. Bg3 Ke7 11.
Nd5+ Bxd5 12. exd5 Ne4 13. Bd3 Nxg3 14. hxg3 g6 15. Rde1 f5 16. c4 Kf6 17. Bc2 a5 18. Nh4 a4 19. g4 e4 20. f3 Bg3 21. Ref1 e3 22. gxf5 e2 23. Re1 g5 24. Ng6 Rhe8 25. Kd2 Nb6 26. Rxe2 Nxc4+ 27. Kd1 Nxb2+ 28.
Kd2 Nc4+ 29. Kd3 Nb2+ 30. Kd2 Rxe2+ 31. Kxe2 Re8+ 32. Kd2 Nc4+ 33. Kc3 b5 34. Rxh6 Kg7 35. Rh3 Be1+ 36. Kd4 Bf2+ 37. Kc3 Re3+ 38. Kb4 Na3 39. Be4 Be1+ 0-1

[Event "Early-Titled-Tuesday-Blitz-February-06-2024"]
[Site "Chess.com"]
[Date "2024.02.06"]
[Round "3"]
[White "JeFumeDesClopes"]
[Black "EsmeraldasAnderson03"]
[Result "1-0"]
[WhiteElo "2606"]
[BlackElo "2413"]
[TimeControl "180+1"]
[EndTime "8:27:14 PST"]
[Termination "JeFumeDesClopes won by resignation"]

1. b3 Nf6 2. Bb2 d5 3. g3 Bf5 4.
Bg2 e6 5. d3 Be7 6. Nd2 h6 7.
Nh3 O-O 8. O-O Bh7 9. e4 c5 10. Qe2 Nc6 11. f4 dxe4 12. dxe4 Nd4 13. Qd3 Nd5 14.
a3 Rc8 15. f5 Nb6 16. g4 Bf6 17. Kh1 c4 18. Nxc4 Nxc4 19. bxc4 Nc6 20. Bxf6 Qxf6 21. Nf4 Ne5 22. Qd4 Nxg4 23. Qxf6 Nxf6 24. e5 Ng4 25. fxe6 Nxe5 26. Bd5 Bg6 27. e7 Rfe8 28. Nxg6 Nxg6 29. Bxf7+ Kh7 30. Bxe8 Rxe8 31. Rae1 Rxe7 32. Rxe7 Nxe7 33. Rf7 Nc8 34. c5 b6 35. Rc7 1-0

[Event "Early-Titled-Tuesday-Blitz-February-06-2024"]
[Site "Chess.com"]
[Date "2024.02.06"]
[Round "3"]
[White "simonachess"]
[Black "SujanaLohani"]
[Result "1-0"]
[WhiteElo "2341"]
[BlackElo "1992"]
[TimeControl "180+1"]
[EndTime "8:27:14 PST"]
[Termination "simonachess won on time"]

1. d4 Nf6 2. c4 g6 3. Nc3 Bg7 4. e4 d6 5. Be2 O-O 6. Bg5 Na6 7. Qd2 c5 8. d5 Re8 9. Nf3 e6 10. O-O Qc7 11. h3 exd5 12. exd5 Bf5 13. Nh4 Bd7 14.
Bd3 Nb4 15. Bb1 a6 16. a3 Nc6 17. dxc6 Bxc6 18. Bc2 Nd7 19. Rae1 Ne5 20. b3 Bf8 21.
Nd5 Bxd5 22. cxd5 b5 23. Qf4 c4 24. Rc1 1-0

[Event "Early-Titled-Tuesday-Blitz-February-06-2024"]
[Site "Chess.com"]
[Date "2024.02.06"]
[Round "3"]
[White "santosalberto1987"]
[Black "Massakru"]
[Result "1-0"]
[WhiteElo "2558"]
[BlackElo "2332"]
[TimeControl "180+1"]
[EndTime "8:27:15 PST"]
[Termination "santosalberto1987 won by resignation"]

1. e4 e5 2. Nf3 Nc6 3. Bc4 Nf6 4. d3 h6 5. c3 d6 6. Bb3 g5 7. Nbd2 g4 8. Nh4 Nxe4 9. dxe4 Qxh4 10. Nf1 Bg7 11. Ng3 h5 12. Be3 Qf6 13. Qd2 h4 14. Ne2 Bh6 15. O-O-O Bxe3 16. fxe3 Nd8 17. Rhf1 Qg5 18.
Rf2 Be6 19. Rdf1 Bxb3 20. axb3 Rh6 21. Rf5 Qe7 22. Kc2 Ne6 23. Nc1 O-O-O 24. Rxf7 Qg5 25. Nd3 Rhh8 26. R1f5 Qg8 27. Qf2 Ng5 28. Re7 Nxe4 29. Qf1 Rd7 30. Rxd7 Kxd7 31. Rf7+ Kc8 32. Qf5+ Kb8 33.
Qd7 Nc5 34. Qxc7+ Ka8 35. Nxc5 Qb8 36. Nxb7 Qxc7 37. Rxc7 g3 38. hxg3 hxg3 39. Nxd6 Rf8 40. Rg7 Rf2+ 41. Kb1 a5 42. Rxg3 1-0

[Event "Early-Titled-Tuesday-Blitz-February-06-2024"]
[Site "Chess.com"]
[Date "2024.02.06"]
[Round "3"]
[White "arturdailima"]
[Black "C_K_G"]
[Result "1-0"]
[WhiteElo "2384"]
[BlackElo "2116"]
[TimeControl "180+1"]
[EndTime "8:27:15 PST"]
[Termination "arturdailima won by resignation"]

1. d4 d5 2. c4 e6 3. Nc3 Nf6 4.
cxd5 exd5 5. Bf4 a6 6. e3 Bd6 7.
Bxd6 Qxd6 8. Bd3 b6 9. Nf3 Bb7 10. O-O Nbd7 11. Qc2 O-O 12. Rfd1 Rfe8 13. Rac1 h6 14.
h3 Rac8 15. Qb1 Ne4 16. Nd2 Ndf6 17. Ndxe4 dxe4 18. Bc4 g5 19. Ne2 Rcd8 20. Ng3 Bc8 21.
Be2 g4 22. hxg4 Bxg4 23. Qc2 h5 24. Qxc7 h4 25. Qxd6 Rxd6 26. Bxg4 hxg3 27. Bh3 gxf2+ 28. Kxf2 Kg7 29. Rc7 Rh8 30. Rdc1 Rh5 31. Ra7 Nd5 32. Rxa6 Nb4 33. Ra3 Nd3+ 34. Rxd3 exd3 35. Rd1 Rf6+ 36. Kg1 Rg5 37. Rxd3 Rg3 38. Kh2 Rfg6 39. d5 R3g5 40. d6 Rb5 41. d7 1-0

[Event "Early-Titled-Tuesday-Blitz-February-06-2024"]
[Site "Chess.com"]
[Date "2024.02.06"]
[Round "3"]
[White "Zavgorodniy_Sergiy"]
[Black "abhidabhi"]
[Result "0-1"]
[WhiteElo "2610"]
[BlackElo "2910"]
[TimeControl "180+1"]
[EndTime "8:27:16 PST"]
[Termination "abhidabhi won by resignation"]

1. e4 c5 2. Nf3 Nc6 3. Bb5 g6 4. O-O Bg7 5. c3 a6 6. Bxc6 dxc6 7. d4 cxd4 8. cxd4 Bg4 9. Be3 e5 10. dxe5 Qxd1 11. Rxd1 Bxf3 12. gxf3 Bxe5 13. Nd2 b5 14. Rac1 Ne7 15. Nb3 Bxb2 16. Rc2 Bg7 17. Na5 O-O 18. Rd7 Rfe8 19. Bc5 Bf8 20. Nb7 a5 21. f4 a4 22.
f5 gxf5 23. Nd6 Red8 24. Rxd8 Rxd8 25. exf5 Nd5 26. Nb7 Rd7 27. Bxf8 Kxf8 28. Na5 Nb4 29. Rb2 Ra7 30. Rxb4 Rxa5 31. f6 c5 32. Rh4 b4 33.
Rxh7 Ke8 0-1

[Event "Early-Titled-Tuesday-Blitz-February-06-2024"]
[Site "Chess.com"]
[Date "2024.02.06"]
[Round "3"]
[White "chess_blitz00"]
[Black "Nikolakis2014"]
[Result "0-1"]
[WhiteElo "2478"]
[BlackElo "2738"]
[TimeControl "180+1"]
[EndTime "8:27:16 PST"]
[Termination "Nikolakis2014 won on time"]

1. e4 c5 2. Nf3 Nc6 3. Bb5 g6 4. Bxc6 dxc6 5. O-O Bg7 6. d3 Bg4 7. Nbd2 Nf6 8. h3 Bxf3 9. Qxf3 Nd7 10. Qg3 O-O 11. f4 b5 12. a4 a6 13. e5 Nb6 14.
a5 Nd5 15. Ne4 c4 16. dxc4 bxc4 17. Be3 Rb8 18. Rfb1 Rb5 19. Qe1 Nxe3 20. Qxe3 Rxa5 21. Rxa5 Qxa5 22. Qc5 Qa4 23. b3 cxb3 24. Nc3 bxc2 25. Rc1 Qxf4 26. Rxc2 Bxe5 27. Ne2 Qh2+ 28. Kf2 Bd6 29.
Qxc6 a5 30. Qd5 a4 31. Ra2 a3 32. Nd4 Qg3+ 33. Kg1 Rb8 34. Ra1 Qh2+ 35. Kf2 Rb2+ 36.
Ke3 Qf4+ 37. Kd3 Rd2+ 38. Kc4 e5 39. Rd1 Rxd1 0-1

[Event "Early-Titled-Tuesday-Blitz-February-06-2024"]
[Site "Chess.com"]
[Date "2024.02.06"]
[Round "3"]
[White "nikitadovbnya2008"]
[Black "angelgab3"]
[Result "1-0"]
[WhiteElo "2274"]
[BlackElo "2764"]
[TimeControl "180+1"]
[EndTime "8:27:19 PST"]
[Termination "nikitadovbnya2008 won by resignation"]

1. e4 e5 2. Bc4 Nf6 3. d3 Bc5 4. Nf3 Nc6 5. O-O O-O 6. c3 d6 7. Nbd2 a5 8. h3 Ba7 9. Re1 Ne7 10. Nf1 Ng6 11. Bb3 c6 12. Ng3 d5 13. exd5 Nxd5 14. d4 exd4 15. Nxd4 Be6 16. Bc2 Ndf4 17. Re4 Nd5 18. Qf3 Nf6 19. Nxe6 fxe6 20. Rxe6 Nd5 21. Nf5 Nh4 22. Qh5 Rxf5 23. Bxf5 g6 24. Bxg6 hxg6 25. Qg4 Kf7 26. Bg5 Qd7 27. Rae1 Nf5 28. c4 Nb4 29. Rf6+ Kg7 30. Ree6 1-0

[Event "Early-Titled-Tuesday-Blitz-February-06-2024"]
[Site "Chess.com"]
[Date "2024.02.06"]
[Round "3"]
[White "EmirhanTarlabasi"]
[Black "Raud100"]
[Result "1-0"]
[WhiteElo "2647"]
[BlackElo "2435"]
[TimeControl "180+1"]
[EndTime "8:27:19 PST"]
[Termination "EmirhanTarlabasi won by resignation"]

1. d4 d5 2. Nf3 Nf6 3. Nbd2 c6 4.
e3 Bg4 5. Bd3 e6 6. h3 Bh5 7. O-O Bd6 8. g4 Bg6 9. Ne5 Bxd3 10. cxd3 Bxe5 11. dxe5 Nfd7 12. d4 h5 13. Kg2 Na6 14. a3 hxg4 15. hxg4 Qe7 16. f4 O-O-O 17.
Nf3 Rh7 18. Rh1 Rdh8 19. Rxh7 Rxh7 20. Bd2 Qf8 21. Qe1 f6 22. Qg3 Qh8 23. Rf1 Nf8 24. f5 Nc7 25. Bb4 b6 26. Bxf8 Qxf8 27. Nh4 Kb7 28.
Ng6 Qf7 29. Qf4 a5 30. Rc1 Qd7 31. Nf8 g5 32. fxg6 fxe5 33. Nxd7 1-0

[Event "Early-Titled-Tuesday-Blitz-February-06-2024"]
[Site "Chess.com"]
[Date "2024.02.06"]
[Round "3"]
[White "chegueps"]
[Black "Eloist"]
[Result "1-0"]
[WhiteElo "2639"]
[BlackElo "2431"]
[TimeControl "180+1"]
[EndTime "8:27:19 PST"]
[Termination "chegueps won on time"]

1. d4 e6 2. Nc3 Nf6 3. e4 d5 4. e5 Nfd7 5. f4 c5 6. Nf3 Nc6 7. Be3 a6 8. Qd2 b5 9. a3 Qa5 10. dxc5 Bxc5 11. Nd4 Qb6 12. Rd1 O-O 13. Be2 f6 14.
exf6 Nxf6 15. O-O e5 16. fxe5 Nxe5 17. b4 Bxd4 18. Bxd4 Qd6 19. Qf4 Re8 20. Rfe1 Bg4 21. h3 Nf3+ 22. Qxf3 Bxf3 23. Bxf3 Rxe1+ 24. Rxe1 Rd8 25. Bc5 Qg3 26. Bf2 Qf4 27. Ne2 Qc4 28. Nd4 Qc3 29. Re7 Qxa3 30. Ne6 Qxb4 31. Rxg7+ Kh8 32. Rf7 Ne4 33.
Bd4+ Kg8 34. Rg7+ Kh8 35. Rg4+ 1-0

[Event "Early-Titled-Tuesday-Blitz-February-06-2024"]
[Site "Chess.com"]
[Date "2024.02.06"]
[Round "3"]
[White "wadsy27"]
[Black "Narek_Ghimoyan"]
[Result "1-0"]
[WhiteElo "2619"]
[BlackElo "2422"]
[TimeControl "180+1"]
[EndTime "8:27:19 PST"]
[Termination "wadsy27 won by resignation"]

1. e4 c5 2. Nf3 d6 3. g3 Nf6 4. d3 g6 5. Bg2 Bg7 6. O-O O-O 7.
Re1 Nc6 8. c3 Bg4 9. h3 Bxf3 10.
Bxf3 Rb8 11. a4 a6 12. Bg2 b5 13. axb5 axb5 14. d4 cxd4 15. cxd4 e5 16. d5 Nd4 17. Be3 Nd7 18. Na3 Nc5 19. Nc2 Ncb3 20. Nxd4 Nxd4 21. Qd3 b4 22. h4 h5 23. Rec1 b3 24. Bxd4 exd4 25. Bh3 Re8 26. Ra6 Be5 27. Rac6 Qa5 28. Rc7 Qa2 29. Qf3 Rf8 30. Rxf7 Rxf7 31. Be6 Rf8 32.
Rc7 Kg7 33. Rxf7+ Rxf7 34. Qxf7+ Kh6 35. Bf5 gxf5 36. exf5 Qb1+ 37. Kh2 Qxf5 38. Qxf5 1-0

[Event "Early-Titled-Tuesday-Blitz-February-06-2024"]
[Site "Chess.com"]
[Date "2024.02.06"]
[Round "3"]
[White "BigAl"]
[Black "CFN_Good_Evening"]
[Result "1-0"]
[WhiteElo "2528"]
[BlackElo "1987"]
[TimeControl "180+1"]
[EndTime "8:27:19 PST"]
[Termination "BigAl won on time"]

1. Nf3 Nf6 2. g3 e6 3. Bg2 d5 4.
O-O b5 5. d3 c5 6. Nbd2 Be7 7.
a4 b4 8. e4 O-O 9. Re1 Bb7 10.
exd5 Bxd5 11. Nc4 Nc6 12. Ne3 Rc8 13. Nxd5 Nxd5 14. Nd2 Bf6 15. Nc4 Nd4 16. Bd2 b3 17.
cxb3 Rb8 18. Ra3 Nb4 19. Bxb4 Rxb4 20. a5 Qb8 21. a6 Nxb3 22. Qh5 Rd8 23. h4 g6 24. Qf3 Bg7 25. h5 Nd4 26. Qd1 Nb5 27. hxg6 hxg6 28. Ra4 Nd6 29. Na5 Rxa4 30. Qxa4 Qxb2 31.
Nc6 Re8 32. Nxa7 Qd2 33. Rf1 Qxd3 34. Rd1 Qc4 35. Qd7 1-0

[Event "Early-Titled-Tuesday-Blitz-February-06-2024"]
[Site "Chess.com"]
[Date "2024.02.06"]
[Round "3"]
[White "abelmat"]
[Black "SabinaFoisor"]
[Result "0-1"]
[WhiteElo "2076"]
[BlackElo "2371"]
[TimeControl "180+1"]
[EndTime "8:27:19 PST"]
[Termination "SabinaFoisor won by checkmate"]

1. d4 d5 2. c4 c6 3. Nf3 Nf6 4. Nc3 a6 5. e3 b5 6. cxd5 cxd5 7. Bd3 Bg4 8. O-O e6 9. Be2 Be7 10. h3 Bh5 11. Ne5 Bxe2 12. Nxe2 O-O 13. Bd2 Nbd7 14. Nc6 Qe8 15. Qb3 Bd6 16. Rac1 Ne4 17. Bb4 Bxb4 18. Qxb4 f5 19. Rc2 Kh8 20. Rfc1 g5 21. Ne5 Nxe5 22. dxe5 g4 23. hxg4 fxg4 24. Nf4 g3 25. Rc7 gxf2+ 26. Kf1 Rf7 27. Rxf7 Qxf7 28. Rc6 Re8 29. a4 Qg7 30. Qd4 Qg3 31. Rxe6 Rxe6 32.
Nxe6 Qh2 33. Nf4 Qg1+ 34. Ke2 f1=Q# 0-1

[Event "Early-Titled-Tuesday-Blitz-February-06-2024"]
[Site "Chess.com"]
[Date "2024.02.06"]
[Round "3"]
[White "Som2310"]
[Black "IsaqueGoncalvesSanto"]
[Result "1-0"]
[WhiteElo "2783"]
[BlackElo "1852"]
[TimeControl "180+1"]
[EndTime "8:27:20 PST"]
[Termination "Som2310 won on time"]

1. e4 e6 2. d4 d5 3. Bd3 Nc6 4. c3 e5 5. Nf3 exd4 6. cxd4 dxe4 7. Bxe4 Bb4+ 8. Nc3 Nf6 9. Bxc6+ bxc6 10. O-O O-O 11. Bg5 h6 12. Bh4 Bf5 13. Qa4 Bd6 14. Qxc6 Rb8 15.
b3 Rb6 16. Qc4 Rb4 17. Qa6 g5 18. Bg3 Bxg3 19. hxg3 g4 20. Nh4 Bc8 21. Qxa7 Rxd4 22. Nb5 Rd5 23. Nc3 Rd3 24. Rad1 Re8 25. Qc5 Rxd1 26. Rxd1 Qe7 27. Qd4 Qe5 28. Kh2 Bb7 29. Qxe5 Rxe5 30. Rd4 Rc5 31. Rc4 Rxc4 32. bxc4 Bc8 33.
Nb5 c6 34. Nd6 Bd7 35. Nhf5 Kf8 36. Nxh6 Ke7 37. c5 Nd5 38. a4 Nb4 39. a5 Na6 40. Nhf5+ Kf6 41. Ne3 Nxc5 42. Ndc4 Na6 43. f3 gxf3 44. gxf3 Be6 45. g4 1-0

[Event "Early-Titled-Tuesday-Blitz-February-06-2024"]
[Site "Chess.com"]
[Date "2024.02.06"]
[Round "3"]
[White "ulises2013"]
[Black "Msb2"]
[Result "1/2-1/2"]
[WhiteElo "2739"]
[BlackElo "3001"]
[TimeControl "180+1"]
[EndTime "8:27:21 PST"]
[Termination "Game drawn by repetition"]

1. e4 e6 2. d4 d5 3. exd5 exd5 4. Bd3 Nc6 5. Nf3 Nb4 6. Be2 Bf5 7. Na3 Nc6 8. O-O Bxa3 9. bxa3 Nge7 10. c4 O-O 11.
h3 Re8 12. Bf4 Qd7 13. c5 Ng6 14. Bg3 Re7 15. Bb5 a6 16. Ba4 Rae8 17. Qb3 Rb8 18. Rfe1 Be4 19. Ne5 Ngxe5 20. Bxe5 Bg6 21. Qc3 Qf5 22.
Bxc6 bxc6 23. Bg3 Rbe8 24. Rxe7 Rxe7 25. Re1 Re6 26. Rxe6 fxe6 27. Qe3 Qe4 28. Qxe4 Bxe4 29. Bxc7 Bb1 30. Be5 Bxa2 31. f3 g5 32. Kf2 Kf7 33.
g4 Kg6 34. Ke3 Bc4 35. Kf2 Bd3 36. Bd6 Bb5 37. Be5 Ba4 38. Bd6 Bb3 39. Be5 Bc4 40. Bd6 Bb5 41. Be5 a5 42. Bd6 a4 43. Be5 Bc4 44. Bd6 h6 45. Be5 Bb5 46. Bd6 Ba6 47.
Be5 Bc8 48. Bd6 Bd7 49. Be5 Kh7 50. Bd6 Bc8 51. Be5 Bb7 52. Bd6 Ba6 53. Be5 Bb5 54. Bd6 Bc4 55. Be5 Bd3 56. Bd6 Bc2 57. Be5 Bb1 58.
Bd6 Ba2 59. Be5 Bc4 60. Bd6 Kg6 61. Be5 h5 62. Bd6 Bd3 63. Be5 Bc2 64. Bd6 Bb3 65. Bc7 Bc4 66. Bd6 Ba6 67. Bc7 Bb5 68. Bd6 hxg4 69. hxg4 Bc4 70. Be5 Bb3 71. Ke3 Bd1 72.
Bd6 Kf7 73. Be5 Kg6 74. Bd6 Kf7 75. Kf2 Kf6 76. Ke3 Bb3 77. Kf2 Kg6 78. Ke3 Bc2 79. Be5 Bd1 1/2-1/2

[Event "Early-Titled-Tuesday-Blitz-February-06-2024"]
[Site "Chess.com"]
[Date "2024.02.06"]
[Round "3"]
[White "Dedic8"]
[Black "ansko1999"]
[Result "1-0"]
[WhiteElo "2883"]
[BlackElo "2680"]
[TimeControl "180+1"]
[EndTime "8:27:21 PST"]
[Termination "Dedic8 won by checkmate"]

1. d4 Nf6 2. c4 e6 3. Nc3 Bb4 4. e3 O-O 5. Bd3 d5 6. a3 Bxc3+ 7. bxc3 dxc4 8. Bxc4 c5 9. Ne2 Qc7 10. Bd3 Nc6 11. O-O e5 12. Ng3 Be6 13. f4 exd4 14. cxd4 Rfd8 15. Nh5 Nxh5 16. Qxh5 g6 17. Qxc5 b6 18.
Qg5 Qe7 19. Qg3 Na5 20. f5 Bc4 21.
Bxc4 Nxc4 22. Ra2 Nd6 23. fxg6 fxg6 24. a4 Qe6 25. Rc2 Nf5 26. Qf4 Rac8 27. Rxc8 Rxc8 28.
Bd2 Rc2 29. e4 Qa2 30. exf5 Rxd2 31. fxg6 Rxg2+ 32. Kh1 Qd5 33. Qf8# 1-0

[Event "Early-Titled-Tuesday-Blitz-February-06-2024"]
[Site "Chess.com"]
[Date "2024.02.06"]
[Round "3"]
[White "Laico"]
[Black "manitodeplomo"]
[Result "0-1"]
[WhiteElo "2385"]
[BlackElo "2574"]
[TimeControl "180+1"]
[EndTime "8:27:21 PST"]
[Termination "manitodeplomo won on time"]

1. e4 c5 2. Nc3 Nc6 3. f4 g6 4. Nf3 Bg7 5. Bb5 Na5 6. d3 a6 7.
Ba4 b5 8. Bb3 e6 9. f5 gxf5 10.
O-O Ne7 11. Qe1 O-O 12. Bg5 f6 13. Bf4 c4 14. dxc4 bxc4 15. Ba4 fxe4 16. Nxe4 d5 17. Nf2 e5 18. Bg3 Nf5 19. Rd1 Be6 20. Kh1 Qb6 21. Ng4 Rad8 22. Bf2 Qc7 23. b3 Nc6 24. bxc4 dxc4 25.
Ne3 Ncd4 26. Nxd4 Nxd4 0-1

[Event "Early-Titled-Tuesday-Blitz-February-06-2024"]
[Site "Chess.com"]
[Date "2024.02.06"]
[Round "3"]
[White "carloseduar100"]
[Black "maurovargas01"]
[Result "1-0"]
[WhiteElo "2314"]
[BlackElo "1879"]
[TimeControl "180+1"]
[EndTime "8:27:21 PST"]
[Termination "carloseduar100 won on time"]

1. d4 d5 2. c3 Nf6 3. Bg5 Ne4 4. h4 Nxg5 5. hxg5 e6 6. Nf3 Be7 7.
Qd3 g6 8. Qd2 Bd7 9. Na3 Nc6 10.
Nc2 Bd6 11. e3 Be7 12. Bd3 Bxg5 13. Nxg5 Qxg5 14. O-O-O Qxg2 15. Rdg1 Qf3 16. Rh4 Qf6 17. Rgh1 h5 18. Rf4 Qe7 19. e4 dxe4 20. Rxe4 O-O-O 21. Ne3 Qf6 22. Nc4 Ne7 23. Ne5 1-0

[Event "Early-Titled-Tuesday-Blitz-February-06-2024"]
[Site "Chess.com"]
[Date "2024.02.06"]
[Round "3"]
[White "ActorXu"]
[Black "GianmarcoVaR"]
[Result "1/2-1/2"]
[WhiteElo "2869"]
[BlackElo "2679"]
[TimeControl "180+1"]
[EndTime "8:27:22 PST"]
[Termination "Game drawn by repetition"]

1. e4 c5 2. Nf3 d6 3. d4 cxd4 4. Nxd4 Nf6 5. Nc3 a6 6. Rg1 e5 7. Nb3 h5 8. h3 Be6 9. Qf3 Be7 10. Be3 h4 11. O-O-O Nbd7 12. g4 hxg3 13. fxg3 Rc8 14. Nd5 Bxd5 15. exd5 Nb6 16. Kb1 e4 17. Qf2 Nbxd5 18.
Bd4 Qc7 19. Bg2 O-O 20. g4 e3 21. Bxe3 Nxe3 22. Qxe3 Qxc2+ 23. Ka1 Qc7 24. Nd4 Rfe8 25. Nf5 Bf8 26. Qg5 Ne4 27. Bxe4 Rxe4 28. Nh6+ Kh8 29.
Nf5 Ra4 30. Rge1 Qc4 31. a3 Rxa3+ 32. bxa3 Qc3+ 33. Ka2 Qc2+ 34. Ka1 Qc3+ 35. Ka2 Qc2+ 36. Ka1 Qc3+ 1/2-1/2

[Event "Early-Titled-Tuesday-Blitz-February-06-2024"]
[Site "Chess.com"]
[Date "2024.02.06"]
[Round "3"]
[White "DishonorOnYourCow"]
[Black "eagleclaw07"]
[Result "1-0"]
[WhiteElo "2579"]
[BlackElo "2782"]
[TimeControl "180+1"]
[EndTime "8:27:22 PST"]
[Termination "DishonorOnYourCow won by resignation"]

1. d4 Nf6 2. c4 c6 3. Nf3 d5 4.
e3 e6 5. Bd3 Nbd7 6. O-O Bd6 7.
Nc3 O-O 8. e4 dxc4 9. Bxc4 e5 10. h3 exd4 11. Nxd4 Ne5 12. Bb3 Bc5 13. Be3 Re8 14.
Rc1 Ng6 15. f3 Bd6 16. Qd2 Nh5 17. Rfd1 Qh4 18. Nf5 Bxf5 19. exf5 Ngf4 20. Bf2 Qg5 21. Bxa7 Rxa7 22. Ne4 Qg3 23. Nxg3 Nxg3 24. Qxd6 Nfe2+ 25. Kh2 Nxc1 26. Qd7 Rf8 27. Qxf7+ 1-0

[Event "Early-Titled-Tuesday-Blitz-February-06-2024"]
[Site "Chess.com"]
[Date "2024.02.06"]
[Round "3"]
[White "paladin_ll"]
[Black "YoreDea"]
[Result "0-1"]
[WhiteElo "2167"]
[BlackElo "2533"]
[TimeControl "180+1"]
[EndTime "8:27:22 PST"]
[Termination "YoreDea won by resignation"]

1. Nf3 d5 2. c4 c6 3. cxd5 cxd5 4. d4 Nf6 5. Nc3 e6 6. Bf4 a6 7. e3 Nc6 8. Bd3 Be7 9. Ne5 Nxe5 10. dxe5 Nd7 11. O-O b5 12. e4 d4 13. Ne2 g5 14.
Bg3 h5 15. h3 Nc5 16. Rc1 Bb7 17. a3 Nxe4 18. b4 Qd5 19. Bxe4 Qxe4 20. f3 Qe3+ 21. Bf2 Qxa3 22. Qxd4 Qxb4 23. Qb6 Bd5 24. Nc3 Rd8 25. Nxd5 Rxd5 26. Rc8+ Bd8 27. Qxa6 O-O 28. Qb6 Bxb6 29.
Rb1 Qxb1+ 0-1

[Event "Early-Titled-Tuesday-Blitz-February-06-2024"]
[Site "Chess.com"]
[Date "2024.02.06"]
[Round "3"]
[White "rhungaski"]
[Black "GoValya"]
[Result "1-0"]
[WhiteElo "2497"]
[BlackElo "2272"]
[TimeControl "180+1"]
[EndTime "8:27:22 PST"]
[Termination "rhungaski won by resignation"]

1. e4 e6 2. d4 d5 3. Nc3 Nf6 4. e5 Nfd7 5. Nce2 c5 6. c3 Nc6 7. Nf3 f6 8. Nf4 Qe7 9. exf6 Nxf6 10. Bd3 cxd4 11. cxd4 Bd7 12. O-O O-O-O 13. Re1 Kb8 14. b4 Nxb4 15. Ba3 Qd6 16. Ne5 Be8 17. Bxb4 Qxb4 18.
Nxe6 Rc8 19. Rb1 Qa4 20. Qd2 Bd6 21. Rb3 Bc6 22. Reb1 b6 23. Nc5 Bxc5 24. dxc5 b5 25. Nxc6+ Rxc6 26. Bxb5 1-0

[Event "Early-Titled-Tuesday-Blitz-February-06-2024"]
[Site "Chess.com"]
[Date "2024.02.06"]
[Round "3"]
[White "eightbyeightchess"]
[Black "Canal_Showdrez"]
[Result "1-0"]
[WhiteElo "2358"]
[BlackElo "2028"]
[TimeControl "180+1"]
[EndTime "8:27:23 PST"]
[Termination "eightbyeightchess won by checkmate"]

1. e4 c5 2. Nf3 Nc6 3. d4 cxd4 4.
Nxd4 Nf6 5. Nc3 e5 6. Nb3 Bb4 7. Bc4 Bxc3+ 8. bxc3 O-O 9. O-O Nxe4 10. Ba3 d6 11.
Qd3 Bf5 12. Rae1 Na5 13. Nxa5 Qxa5 14. Bb4 Qc7 15. Rxe4 Bxe4 16. Qxe4 Kh8 17. Rd1 Rad8 18. Qd5 f5 19. Bxd6 Qc8 20. Be2 Rf6 21. Qxe5 Re6 22. Qg3 Rxe2 23. h4 Qe6 24. Rd3 Re4 25. Be5 Rxd3 26. Qxg7# 1-0

[Event "Early-Titled-Tuesday-Blitz-February-06-2024"]
[Site "Chess.com"]
[Date "2024.02.06"]
[Round "3"]
[White "FMStan15"]
[Black "Roedor"]
[Result "0-1"]
[WhiteElo "2006"]
[BlackElo "2341"]
[TimeControl "180+1"]
[EndTime "8:27:23 PST"]
[Termination "Roedor won by checkmate"]

1. e4 e5 2. Nf3 Nc6 3. Bb5 Nf6 4. d3 Bc5 5. c3 O-O 6. b4 Be7 7.
Bxc6 bxc6 8. Nxe5 a5 9. bxa5 Rxa5 10. Nc4 Ra8 11. O-O d5 12. exd5 cxd5 13. Ne5 Bd6 14. Bf4 Ng4 15. Nxg4 Bxf4 16. Qf3 Qg5 17. Ne3 c6 18. g3 Bc7 19. h4 Qg6 20. Rd1 f5 21.
Ng2 f4 22. h5 Qg4 23. Qxg4 Bxg4 24. Re1 fxg3 25. fxg3 Bxg3 26. Rc1 Rae8 27. Nd2 Re2 28. Nf1 Bf2+ 29. Kh2 Rf5 30. Ng3 Bxg3+ 31. Kxg3 Bxh5 32. Nf4 Re3+ 33. Kh4 Rxf4+ 34. Kxh5 Re5# 0-1

[Event "Early-Titled-Tuesday-Blitz-February-06-2024"]
[Site "Chess.com"]
[Date "2024.02.06"]
[Round "3"]
[White "AnishOnYoutube"]
[Black "GMAkobianSTL"]
[Result "1-0"]
[WhiteElo "2998"]
[BlackElo "2728"]
[TimeControl "180+1"]
[EndTime "8:27:24 PST"]
[Termination "AnishOnYoutube won on time"]

1. Nf3 Nf6 2. c4 e6 3. Nc3 d5 4. d4 Be7 5. cxd5 exd5 6. Bf4 c6 7. e3 Bd6 8. Bxd6 Qxd6 9. Qb3 O-O 10. Bd3 Nbd7 11. O-O Re8 12. Qc2 Qe7 13. Nd2 Nf8 14. Rae1 Ng6 15. f3 c5 16. dxc5 Qxc5 17. Nb3 Qb6 18.
Na4 Qb4 19. Nc3 Bd7 20. Bxg6 hxg6 21. Qd2 Rad8 22. Nd4 Re7 23. Ne4 Qxd2 24. Nxd2 Rc8 25. Kf2 Bf5 26. Rc1 Rec7 27. Rxc7 Rxc7 28. Ke2 Bd7 29. Nb1 Kf8 30. h4 Ke7 31. Kd2 Rc8 32.
Nc3 a6 33. Nce2 Kd6 34. Rd1 Rh8 35. g3 Rc8 36. Ke1 Ke5 37. Kf2 Kd6 38. a3 Ke7 39.
Nc3 Be6 40. g4 Rd8 41. Kg3 Nd7 42. Nde2 Nb6 43. Nf4 1-0

[Event "Early-Titled-Tuesday-Blitz-February-06-2024"]
[Site "Chess.com"]
[Date "2024.02.06"]
[Round "3"]
[White "luckyswitchback"]
[Black "DonkyDonkyDonkey"]
[Result "0-1"]
[WhiteElo "2699"]
[BlackElo "2912"]
[TimeControl "180+1"]
[EndTime "8:27:25 PST"]
[Termination "DonkyDonkyDonkey won by resignation"]

1. e4 c5 2. Nf3 d6 3. Bb5+ Nd7 4. a4 a6 5. Bc4 e6 6. a5 Ngf6 7. Nc3 Be7 8. d4 cxd4 9. Nxd4 O-O 10. h4 Nc5 11.
Qf3 Ncxe4 12. Nxe4 Nxe4 13. Qxe4 d5 14. Qe2 dxc4 15.
Qxc4 e5 16. Nf3 Be6 17. Qe2 Qc7 18. Ng5 Bf5 19. c3 Rad8 20. Be3 Bd3 21. Qh5 Qc4 22. Rh3 h6 23. Nf3 Rd5 24. Rg3 Bg6 25. Rxg6 fxg6 26.
Qxg6 Rd6 27. Qc2 e4 28. Nd2 Qd3 29. Qb3+ Kh8 30. O-O-O Rfd8 31. Qxb7 Bxh4 32. Bb6 Bg5 33. Bxd8 Bxd2+ 34. Rxd2 Qxd2+ 35. Kb1 Qd1+ 36. Ka2 Qa4+ 0-1

[Event "Early-Titled-Tuesday-Blitz-February-06-2024"]
[Site "Chess.com"]
[Date "2024.02.06"]
[Round "3"]
[White "Yurovskykh_Oleksandr"]
[Black "Fandorine"]
[Result "0-1"]
[WhiteElo "2629"]
[BlackElo "2960"]
[TimeControl "180+1"]
[EndTime "8:27:26 PST"]
[Termination "Fandorine won by checkmate"]

1. d4 Nf6 2. Nf3 g6 3. Bg5 Bg7 4. Nbd2 O-O 5. c3 d6 6. e4 Nc6 7.
Be2 Qe8 8. O-O Nd7 9. Nc4 e5 10. dxe5 Ndxe5 11. Nfxe5 Nxe5 12. Qc2 Nxc4 13. Bxc4 Be6 14.
Bxe6 Qxe6 15. b3 b5 16. Rae1 a5 17. Be3 c5 18. Rd1 Rfe8 19. f3 b4 20. c4 f5 21.
Bf2 fxe4 22. fxe4 a4 23. bxa4 Qxe4 24. Qb3 Rf8 25. Kh1 Qe2 26. Qg3 Be5 27. Qh4 Rf4 28.
Qg3 Raf8 29. Rde1 Rxf2 30. Rxe2 Rxf1# 0-1